 Dungeon Crawl Stone Soup version 0.21.1-1-g345015f (webtiles) character file.

43 tidbits the Sneak (level 3, -2/31 HPs)
             Began as a Gnoll Assassin on Mar 29, 2018.
             Slain by a gnoll
             ... wielding a +2 halberd of flaming
              (4 damage)
             ... on level 4 of the Dungeon.
             The game lasted 00:03:39 (306 turns).

tidbits the Sneak (Gnoll Assassin)                   Turns: 306, Time: 00:03:39

Health: -2/31      AC:  3    Str: 13    XL:     3   Next: 58%
Magic:  3/4        EV: 12    Int: 14    God:
Gold:   39         SH:  4    Dex: 16    Spells: 3/3 levels left

rFire    . . .     SeeInvis .   a - +2 dagger
rCold    . . .     Gourm    .   i - +0 buckler
rNeg     . . .     Faith    .   c - +0 robe
rPois    .         Spirit   .   (no helmet)
rElec    .         Reflect  .   d - +0 cloak
rCorr    .         Harm     .   (no gloves)
MR       .....                  (no boots)
Stlth    ++++......             n - amulet of regeneration
HPRegen  0.50/turn              (no ring)
MPRegen  0.09/turn              (no ring)

@: flying
A: distributed training, fangs 1, strong nose
a: no special abilities


You were on level 4 of the Dungeon.
You were full.

You visited 1 branch of the dungeon, and saw 4 of its levels.

You collected 39 gold pieces.

Inventory:

Hand Weapons
 a - a +2 dagger (weapon)
 b - a +0 blowgun
 j - a +0 short sword
Missiles
 p - 13 stones (quivered)
Armour
 c - a +0 robe (worn)
 d - a +0 cloak (worn)
 i - a +0 buckler (worn)
Jewellery
 n - an amulet of regeneration (around neck)
   (You found it on level 3 of the Dungeon)
Scrolls
 h - 2 scrolls of remove curse {unknown}
 k - a scroll of enchant weapon {unknown}
 l - a scroll of identify {unknown}
 o - a scroll of teleportation {unknown}
Comestibles
 g - 3 rations


   Skills:
 + Level 4.5 Fighting
 + Level 4.5 Short Blades
 + Level 0.8 Long Blades
 + Level 0.8 Axes
 + Level 0.8 Maces & Flails
 + Level 0.8 Polearms
 + Level 0.8 Staves
 + Level 0.8 Slings
 + Level 0.8 Bows
 + Level 0.8 Crossbows
 + Level 4.5 Throwing
 + Level 0.8 Armour
 + Level 2.6 Dodging
 + Level 7.8 Stealth
 + Level 0.8 Shields
 + Level 0.8 Unarmed Combat
 + Level 0.8 Spellcasting
 + Level 0.5 Conjurations
 + Level 0.5 Hexes
 + Level 0.5 Charms
 + Level 0.5 Summonings
 + Level 0.5 Necromancy
 + Level 0.5 Translocations
 + Level 0.5 Transmutations
 + Level 0.5 Fire Magic
 + Level 0.5 Ice Magic
 + Level 0.5 Air Magic
 + Level 0.5 Earth Magic
 + Level 0.5 Poison Magic
 + Level 1.0 Invocations
 + Level 0.8 Evocations


You had 3 spell levels left.
You didn't know any spells.

Dungeon Overview and Level Annotations

Branches:
Dungeon (4/15)
 Temple: D:4-7

Altars:


Innate Abilities, Weirdness & Mutations

Your experience applies equally to all skills.
You have very sharp teeth.
Your uncanny sense of smell can sniff out nearby items.


Message History

You hit the kobold.
You kill the kobold!
Items here: ( ) [ † a dagger; 13 stones; a scale mail; a kobold corpse
p - 13 stones
There is a large open door here.
You see here a ration.
g - 3 rations (gained 1)
There is a large open door here.
Found 10 gold pieces.
You see here 10 gold pieces.
You now have 27 gold pieces (gained 10).
Unknown command.
Found a stone staircase leading down.
A bat comes into view.
There is a stone staircase leading down here.
You climb downwards.
Found 12 gold pieces.
There is a stone staircase leading up here.
Unknown command.
A gnoll comes into view.
You see here 12 gold pieces.
You now have 39 gold pieces (gained 12).
Wield which item (- for none, * to show all)? (? for menu, Esc to quit)
b - a +0 blowgun (weapon)
Firing (i - inventory. (,) - cycle):
e - 3 poisoned needles (quivered)
Press: ? - help, Shift-Dir - straight line, f - gnoll
Aim: a gnoll (resting)
You shoot a poisoned needle. The poisoned needle hits the gnoll!
The gnoll is poisoned.
The gnoll shouts!
Firing (i - inventory. (,) - cycle):
e - 2 poisoned needles (quivered)
Press: ? - help, Shift-Dir - straight line, f/p - gnoll
Aim: a gnoll (poisoned)
You shoot a poisoned needle. The poisoned needle hits the gnoll!
The gnoll looks as sick as possible!
Firing (i - inventory. (,) - cycle):
e - a poisoned needle (quivered)
Press: ? - help, Shift-Dir - straight line, f/p - gnoll
Aim: a gnoll (lightly wounded, poisoned)
You shoot a poisoned needle.
The poisoned needle closely misses the gnoll. 2 gnolls come into view.
A gnoll is wielding a halberd of flaming.
Firing (i - inventory. (,) - cycle):
f - 2 curare-tipped needles (quivered)
Press: ? - help, Shift-Dir - straight line, f/p - gnoll
Aim: a gnoll (lightly wounded, poisoned)
You shoot a curare-tipped needle.
The curare-tipped needle hits the gnoll.
The gnoll looks as sick as possible!
The gnoll convulses.
The gnoll seems to slow down.
The gnoll is heavily wounded.
The gnoll shouts! x2
The gnoll moves out of view.
Firing (i - inventory. (,) - cycle):
f - a curare-tipped needle (quivered)
Press: ? - help, Shift-Dir - straight line, f - gnoll
Aim: a gnoll, wielding a halberd You shoot a curare-tipped needle.
The curare-tipped needle barely misses the gnoll.
The gnoll moves out of view.
A gnoll comes into view.
Wield which item (- for none, * to show all)? (? for menu, Esc to quit)
a - a +2 dagger (weapon)
The gnoll moves out of view.
Unknown command.
You barely miss the gnoll.
The gnoll is severely wounded.
You closely miss the gnoll. You bite the gnoll, but do no damage.
The gnoll is severely wounded.
You kill the gnoll!
Your Invocations skill increases to level 1!
Unknown command.
The gnoll misses you.
Unknown command.
You hit the gnoll.
The gnoll is lightly wounded.
The gnoll closely misses you.
You closely miss the gnoll.
The gnoll is lightly wounded.
The gnoll misses you. The gnoll barely misses you.
Okay, then.
You hit the gnoll.
The gnoll is moderately wounded.
The gnoll hits you with a halberd of flaming.
The gnoll burns you.
You hit the gnoll.
The gnoll is severely wounded.
The gnoll closely misses you.
You closely miss the gnoll.
The gnoll is severely wounded.
The gnoll hits you with a halberd of flaming!
Ouch! That really hurt!
* * * LOW HITPOINT WARNING * * *
The gnoll burns you!
* * * LOW HITPOINT WARNING * * *
The gnoll closely misses you.
It was a potion of flight.
You feel very buoyant.
You fly up into the air.
The gnoll hits you with a halberd of flaming.
You die...

#.#.#. .#.#.##
...... ####
((..###....
.g..#...
g....##
#g.#..######.#
#@###..<.....#
#..#..########
##...## #####


You could see 3 gnolls.

Vanquished Creatures
  A gnoll (D:4)
  An adder (D:2)
  A dart slug (D:2)
  An orc (D:3)
  2 bats (D:3)
  2 giant cockroaches (D:3)
  2 hobgoblins (D:3)
  4 jackals (D:2)
  4 kobolds
  A rat (D:2)
19 creatures vanquished.

Notes
Turn   | Place    | Note
-------+----------+-------------------------------------------
     0 | D:1      | tidbits the Gnoll Assassin began the quest for the Orb.
     0 | D:1      | Reached XP level 1. HP: 20/20 MP: 1/1
   127 | D:2      | Reached XP level 2. HP: 25/26 MP: 2/2
   201 | D:3      | Reached XP level 3. HP: 30/31 MP: 3/3
   298 | D:4      | Reached skill level 1 in Invocations
   305 | D:4      | HP: 2/31 [gnoll/halberd of flaming (7)]
   306 | D:4      | Slain by a gnoll

Skill      XL: |  1  2  3 |
---------------+----------+-----
Invocations    | 1 |  1.0
Fighting       | |  4.5
Short Blades   | |  4.5
Long Blades    | |  0.8
Axes           | |  0.8
Maces & Flails | |  0.8
Polearms       | |  0.8
Staves         | |  0.8
Slings         | |  0.8
Bows           | |  0.8
Crossbows      | |  0.8
Throwing       | |  4.5
Armour         | |  0.8
Dodging        | |  2.6
Stealth        | |  7.8
Shields        | |  0.8
Unarmed Combat | |  0.8
Spellcasting   | |  0.8
Conjurations   | |  0.5
Hexes          | |  0.5
Charms         | |  0.5
Summonings     | |  0.5
Necromancy     | |  0.5
Translocations | |  0.5
Transmutations | |  0.5
Fire Magic     | |  0.5
Ice Magic      | |  0.5
Air Magic      | |  0.5
Earth Magic    | |  0.5
Poison Magic   | |  0.5
Evocations     | |  0.8

Action                   || total
-------------------------++-------
Melee: Dagger            ||    55
       Bite              ||     5
 Fire: Blowgun           ||    10
  Use: Potion            ||     1
 Stab: Sleeping          ||     3
       Distracted        ||     1
  Eat: Ration            ||     1
Armor: Robe              ||    12
Dodge: Dodged            ||    40
Block: Buckler           ||     7

Table legend:
 A = Turns spent in this place as a percentage of turns spent in the entire game.
 B = Non-inter-level travel turns spent in this place as a percentage of non-inter-level travel turns spent in the entire game.
 C = Inter-level travel turns spent in this place as a percentage of turns spent in this place.
 D = Turns resting spent in this place as a percentage of non-inter-level travel turns spent in this place.
 E = Turns spent auto-exploring this place as a percentage of non-inter-level travel turns spent in this place.
 F = Non-inter-level travel turns spent in this place divided by the number of levels of this place that you've seen.
                   A       B       C       D       E      F
               +-------+-------+-------+-------+-------+----------------------
         Total | 100.0 | 100.0 |   0.0 |   0.0 |   0.0 |  76.5
       Dungeon | 100.0 | 100.0 |   0.0 |   0.0 |   0.0 |  76.5
               +-------+-------+-------+-------+-------+----------------------

Table legend:
 A = Kills in this place as a percentage of kills in entire the game.
 B = Kills by you in this place as a percentage of kills by you in the entire game.
 C = Kills by friends in this place as a percentage of kills by friends in the entire game.
 D = Other kills in this place as a percentage of other kills in the entire game.
 E = Experience gained in this place as a percentage of experience gained in the entire game.
 F = Experience gained in this place divided by the number of levels of this place that you have seen.
                   A       B       C       D       E      F
               +-------+-------+-------+-------+-------+----------------------
         Total | 100.0 | 100.0 |   N/A |   N/A | 100.0 |  15.5
       Dungeon | 100.0 | 100.0 |   N/A |   N/A | 100.0 |  15.5
               +-------+-------+-------+-------+-------+----------------------

Vault maps used:
D:1:      dpeg_arrival_water_temple_mockup
D:2:      overflow_temple_1_default, first_ration, minmay_crystal_water
D:3:      small_statue_alley_b, kennysheep_generic_room_7, uniq_ijyb
D:4:      st_stairs_10, kennysheep_dice
